[Event "*** Titled Tuesday 3|2 Blitz"]
[Site "Chess.com"]
[Date "2015.08.04"]
[Round "7"]
[White "Chesseducation4u"]
[Black "MITerryble"]
[Result "0-1"]
[WhiteElo "2479"]
[BlackElo "2585"]
[TimeControl "180+2"]
[EndTime "12:59:41 PDT"]
[Termination "MITerryble won on time"]

1. Nf3 Nf6 2. g3 d5 3. Bg2 c6 4. c4 dxc4 5. O-O Bg4 6. Na3 Qd5 7. b3 cxb3 8. axb3 Qd8 9. Nc4 g6 10. Bb2 Bg7 11. Nfe5 Bc8 12. Qc2 O-O 13. e4 Nbd7 14. f4 Nxe5 15. fxe5 Ng4 16. h3 b5 17. hxg4 bxc4 18.
bxc4 c5 19. Rf4 g5 20. Rf5 h6 21. Bc3 Be6 22. d3 a5 23. Bf1 Qc7 24. Qh2 a4 25. Ra2 a3 0-1

[Event "*** Titled Tuesday 3|2 Blitz"]
[Site "Chess.com"]
[Date "2015.08.04"]
[Round "7"]
[White "ChessMavenYeti"]
[Black "ajkom197"]
[Result "0-1"]
[WhiteElo "2051"]
[BlackElo "2248"]
[TimeControl "180+2"]
[EndTime "12:59:47 PDT"]
[Termination "ajkom197 won by checkmate"]

1. d4 d5 2. c4 c6 3. e3 Nf6 4.
Nf3 Bf5 5. Nc3 e6 6. Qb3 Qb6 7. c5 Qc7 8. Be2 Be7 9. O-O O-O 10. Nh4 Nbd7 11. Nxf5 exf5 12. Bd3 g6 13. Ne2 Rfe8 14. Bd2 Bf8 15. Qa3 b6 16. b4 b5 17. Rae1 Ne4 18. Bxe4 fxe4 19. f3 f5 20. fxe4 Rxe4 21. Ng3 Ree8 22. Qd3 Nf6 23. Rf4 Bg7 24. Ref1 Re7 25.
Be1 Rae8 26. Bf2 Ng4 27. Re1 Bh6 28. Rf3 Nxf2 29. Kxf2 f4 30. Nf1 fxe3+ 31. Nxe3 Qxh2 32. Ng4 Qh4+ 33. g3 Qxg4 34. Rh1 Re3 35. Rxe3 Rxe3 36.
Qc2 Qxg3+ 37. Kf1 Re1# 0-1

[Event "*** Titled Tuesday 3|2 Blitz"]
[Site "Chess.com"]
[Date "2015.08.04"]
[Round "7"]
[White "Hikaru"]
[Black "Mugzyyy"]
[Result "1-0"]
[WhiteElo "2853"]
[BlackElo "2607"]
[TimeControl "180+2"]
[EndTime "13:00:00 PDT"]
[Termination "Hikaru won by resignation"]

1. b3 Nf6 2. Bb2 d6 3. e3 g6 4. Bxf6 exf6 5. d4 Bg7 6. c4 O-O 7. Nc3 f5 8. Nge2 c5 9. g3 Nc6 10. Bg2 f4 11. d5 fxe3 12. dxc6 exf2+ 13. Kf1 bxc6 14. Bxc6 Bg4 15. Qd3 Bxe2+ 16. Kxe2 Rc8 17. Ba4 Qf6 18. Rac1 Bh6 19. Nd5 Qe6+ 20. Kxf2 Bxc1 21. Rxc1 Kg7 22. Re1 Qh3 23. Qc3+ Kh6 24. Kg1 Qg4 25. Nf6 Qd4+ 26. Qxd4 cxd4 27. Rd1 Kg7 28. Nd5 Rce8 29.
Bxe8 Rxe8 30. Kf2 1-0

[Event "*** Titled Tuesday 3|2 Blitz"]
[Site "Chess.com"]
[Date "2015.08.04"]
[Round "7"]
[White "ViktoriaGloriam"]
[Black "ChessWarrior7197"]
[Result "1-0"]
[WhiteElo "2204"]
[BlackElo "2424"]
[TimeControl "180+2"]
[EndTime "13:00:01 PDT"]
[Termination "ViktoriaGloriam won - game abandoned"]

1. e4 e5 2. Nf3 Nc6 3. d4 exd4 4. Nxd4 Bb4+ 5. c3 Bc5 6. Be3 Bb6 7.
Be2 Nf6 8. Nd2 O-O 9. O-O Re8 10. Nxc6 bxc6 11. Bxb6 axb6 12. Bf3 d5 13. exd5 cxd5 14.
Nb3 Bb7 15. a3 c5 16. Re1 Qc7 17. Qd2 h6 18. Rxe8+ Rxe8 19. Re1 Re5 20. h3 Qe7 21. Rxe5 Qxe5 22. Qe2 Qd6 23. Nd2 g6 24. Nc4 Qc7 25. Qe5 Qxe5 26. Nxe5 Kf8 27. Kf1 Ke7 28. Ke2 Ba6+ 29.
Ke3 Kd6 30. Nxf7+ Ke6 31. Nxh6 Bc4 32. Ng4 Nd7 33. Kf4 d4 34. cxd4 cxd4 35. Ke4 d3 36.
Ke3 Nc5 37. Nh2 1-0

[Event "*** Titled Tuesday 3|2 Blitz"]
[Site "Chess.com"]
[Date "2015.08.04"]
[Round "7"]
[White "dretch"]
[Black "lexiel"]
[Result "1-0"]
[WhiteElo "2545"]
[BlackElo "2293"]
[TimeControl "180+2"]
[EndTime "13:00:09 PDT"]
[Termination "dretch won by resignation"]

1. d4 Nf6 2. c4 d6 3. Nf3 c6 4. Nc3 Bf5 5. Nh4 Bg4 6. h3 Bh5 7. g4 Bg6 8. Bg2 Nbd7 9. g5 Nh5 10. Bf3 e5 11. d5 Be7 12. dxc6 bxc6 13. Bxc6 Rc8 14. Qa4 Rxc6 15. Qxc6 O-O 16. Nxg6 fxg6 17. Be3 Nf4 18. O-O-O Nb8 19. Qb7 Bxg5 20. Kb1 Rf7 21. Qa8 Qc8 22. Nb5 Rf8 23. Nxd6 Qa6 24. Bxf4 Bxf4 25. Qd5+ 1-0

[Event "*** Titled Tuesday 3|2 Blitz"]
[Site "Chess.com"]
[Date "2015.08.04"]
[Round "7"]
[White "yurisolo"]
[Black "AnthonyWirig"]
[Result "0-1"]
[WhiteElo "2399"]
[BlackElo "2509"]
[TimeControl "180+2"]
[EndTime "13:00:15 PDT"]
[Termination "AnthonyWirig won on time"]

1. e4 c5 2. d4 cxd4 3. Nf3 d6 4.
Nxd4 Nf6 5. Nc3 a6 6. Bg5 Nbd7 7. Bc4 e6 8. O-O Qc7 9. Bxe6 fxe6 10. Nxe6 Qc4 11.
Nd5 Kf7 12. Nec7 Nxd5 13. Nxd5 Qxe4 14. Re1 Qf5 15. Qd2 h6 16. Bh4 Ne5 17. Nb6 Rb8 18. Bg3 Be6 19. Re3 Kg8 20. Rae1 Bf7 21. Bxe5 dxe5 22.
Rxe5 Qg6 23. Qa5 Bd6 24. R5e2 Bc7 0-1

[Event "*** Titled Tuesday 3|2 Blitz"]
[Site "Chess.com"]
[Date "2015.08.04"]
[Round "7"]
[White "SenseiJulio"]
[Black "bugsbunny444"]
[Result "1-0"]
[WhiteElo "2533"]
[BlackElo "2306"]
[TimeControl "180+2"]
[EndTime "13:00:26 PDT"]
[Termination "SenseiJulio won by resignation"]

1. e4 e6 2. b3 d5 3. Bb2 Nf6 4.
e5 Nfd7 5. Qg4 c5 6. f4 g6 7. Nf3 Bg7 8. Be2 O-O 9. h4 f6 10. h5 Qe8 11. hxg6 Qxg6 12. Qxe6+ Kh8 13. Bd3 Nxe5 14.
Bxg6 Nxf3+ 15. gxf3 Bxe6 16. Bxh7 Bf7 17. Nc3 Re8+ 18.
Kf2 f5 19. Bxf5+ Kg8 20. Rag1 Kf8 21. Rxg7 d4 22. Rhh7 Bg8 23. Nb5 Bxh7 24. Rxh7 Na6 25. Bg6 Kg8 26. Nxd4 cxd4 27. Bxd4 Kf8 28. Bf6 1-0

[Event "*** Titled Tuesday 3|2 Blitz"]
[Site "Chess.com"]
[Date "2015.08.04"]
[Round "7"]
[White "Genghis_K"]
[Black "Dlugy"]
[Result "1-0"]
[WhiteElo "2587"]
[BlackElo "2545"]
[TimeControl "180+2"]
[EndTime "13:00:32 PDT"]
[Termination "Genghis_K won by resignation"]

1. d4 Nf6 2. c4 g6 3. Nc3 Bg7 4. e4 d6 5. h3 O-O 6. Bg5 c5 7.
d5 h6 8. Be3 e6 9. Bd3 exd5 10.
exd5 Nbd7 11. Nf3 a6 12. O-O b5 13. cxb5 axb5 14. Bxb5 Ba6 15. a4 Bxb5 16. axb5 Nb6 17. Qd3 Qc7 18. Ra6 Qb7 19. Rd1 Nfd7 20. Bf4 c4 21.
Qd2 Rxa6 22. bxa6 Qxa6 23. Bxd6 Rc8 24. Bf4 g5 25. Be3 Rd8 26. h4 g4 27. Nd4 h5 28.
Nf5 Bf6 29. Bd4 Nc8 30. Qh6 Re8 31. Qxh5 Bxd4 32. Rxd4 Ne5 33. d6 Qa1+ 34. Rd1 Qxb2 35. Qg5+ Ng6 36. Qf6 1-0

[Event "*** Titled Tuesday 3|2 Blitz"]
[Site "Chess.com"]
[Date "2015.08.04"]
[Round "7"]
[White "samolo"]
[Black "Gergo85"]
[Result "1-0"]
[WhiteElo "2504"]
[BlackElo "2321"]
[TimeControl "180+2"]
[EndTime "13:00:37 PDT"]
[Termination "samolo won by resignation"]

1. Nf3 Nf6 2. g3 g6 3. Bg2 Bg7 4. O-O O-O 5. d3 d5 6. Nbd2 c5 7. e4 dxe4 8. dxe4 Nc6 9. Re1 e5 10. c3 Bg4 11. h3 Bxf3 12. Qxf3 Qc7 13. a4 Nd8 14. Nc4 Ne6 15. Be3 Rfd8 16. Qe2 Ne8 17. h4 Nd6 18. Na3 c4 19. Red1 Rac8 20. Rd5 Qc6 21. Nb5 Ra8 22. Nxa7 Rxa7 23. Bxa7 Ra8 24. Be3 Nc7 25. Rc5 Qd7 26. Rd1 Qe7 27. a5 h6 28.
h5 g5 29. f3 Bf8 30. Bh3 Ra6 31. Kg2 Nce8 32. Rcd5 Nc7 33. Rc5 Nce8 34. Bg4 f6 35. Rcd5 Kg7 36. Bc5 Qc7 37. Bb4 Qc6 38. Qf2 Ra8 39.
R1d2 Rb8 40. Qa7 Rd8 41. Qb6 Qxb6 42. axb6 Kf7 43. Bf5 Ke7 44. f4 gxf4 45. gxf4 exf4 46. Kf3 Kf7 47. Kxf4 Be7 48. Bg6+ Kf8 49. Bxe8 Kxe8 50.
Bxd6 1-0

[Event "*** Titled Tuesday 3|2 Blitz"]
[Site "Chess.com"]
[Date "2015.08.04"]
[Round "7"]
[White "GMHess"]
[Black "Ar4uha"]
[Result "1-0"]
[WhiteElo "2538"]
[BlackElo "2406"]
[TimeControl "180+2"]
[EndTime "13:00:40 PDT"]
[Termination "GMHess won by resignation"]

1. c4 Nf6 2. Nc3 e6 3. Nf3 Bb4 4. Qc2 b6 5. a3 Bxc3 6. Qxc3 Bb7 7. d3 d6 8. g3 O-O 9. Bg2 e5 10. O-O a5 11. Bg5 h6 12. Bxf6 Qxf6 13. b4 Nc6 14.
Rfe1 axb4 15. axb4 Nd4 16. Nxd4 exd4 17. Qd2 Bxg2 18.
Kxg2 Qe5 19. Qf4 Rxa1 20. Qxe5 Rxe1 21. Qe7 c5 22. b5 Ra8 23. Qxd6 Ra2 24. Qxb6 Rexe2 25.
Qb8+ Kh7 26. Qf4 Rab2 27. Qxf7 Red2 28. h4 Rb3 29. Qf5+ Kg8 30. Qxc5 Rbxd3 31. b6 Rb3 32. Qc8+ Kh7 33. c5 Rbb2 34. Qf5+ Kg8 35. c6 Rxb6 36. c7 1-0

[Event "*** Titled Tuesday 3|2 Blitz"]
[Site "Chess.com"]
[Date "2015.08.04"]
[Round "7"]
[White "GMG"]
[Black "Bab3s"]
[Result "1-0"]
[WhiteElo "2405"]
[BlackElo "2130"]
[TimeControl "180+2"]
[EndTime "13:01:05 PDT"]
[Termination "GMG won by resignation"]

1. Nf3 Nf6 2. d4 e6 3. g3 d5 4. Bg2 Be7 5. c4 O-O 6. Qc2 c6 7. O-O b6 8. b3 Bb7 9. Bb2 Nbd7 10. Nbd2 Rc8 11. e4 c5 12. exd5 exd5 13. Qf5 g6 14. Qf4 Re8 15. Rfe1 Nf8 16. dxc5 Ne6 17. Rxe6 fxe6 18.
Qe5 Rc6 19. Nd4 Qd7 20. Nxc6 Bxc6 21. cxb6 axb6 22. Bh3 Bd8 23. Re1 Kf7 24. Nf3 h6 25. Nd4 Bc7 26. Bxe6+ Rxe6 27. Qxe6+ Qxe6 28. Rxe6 Bd7 29. Re1 dxc4 30. bxc4 Bd6 31. Nb5 Bc5 32. Bd4 Bxd4 33.
Nxd4 Ne8 34. Rb1 Nd6 35. Rxb6 Nxc4 36. Rb7 Ke8 37. Rc7 Ne5 38. f4 Nd3 39. Nf3 Bg4 40.
Ne5 Nxe5 41. fxe5 h5 42. a4 1-0

[Event "*** Titled Tuesday 3|2 Blitz"]
[Site "Chess.com"]
[Date "2015.08.04"]
[Round "7"]
[White "myaccount88"]
[Black "NowInChess"]
[Result "0-1"]
[WhiteElo "2158"]
[BlackElo "1977"]
[TimeControl "180+2"]
[EndTime "13:01:10 PDT"]
[Termination "NowInChess won by resignation"]

1. e4 e6 2. d3 d5 3. Nd2 Nf6 4. Ngf3 Nc6 5. g3 dxe4 6. dxe4 Bc5 7. Bg2 e5 8. O-O O-O 9. c3 a5 10. Qe2 b6 11. Nc4 Ba6 12. Bg5 h6 13. Bxf6 Qxf6 14. Rfd1 Qe6 15. Nfd2 Rad8 16. b3 Rd7 17. Nf1 a4 18.
Rxd7 Qxd7 19. Rd1 Bxc4 20. bxc4 Qe7 21. Ne3 Rd8 22. Nd5 Qd6 23. Qc2 a3 24. Bf3 Na5 25.
Be2 Qf8 26. Qd2 Rd6 27. Bd3 c6 28. Ne3 Bxe3 29. Qxe3 Qd8 30. Qe2 Nxc4 31. Kg2 Nb2 0-1

[Event "*** Titled Tuesday 3|2 Blitz"]
[Site "Chess.com"]
[Date "2015.08.04"]
[Round "7"]
[White "goldaxe"]
[Black "eugeniusjr"]
[Result "1-0"]
[WhiteElo "2166"]
[BlackElo "1936"]
[TimeControl "180+2"]
[EndTime "13:01:12 PDT"]
[Termination "goldaxe won on time"]

1. e4 c5 2. Nf3 g6 3. d4 cxd4 4. Nxd4 Nc6 5. Nc3 Bg7 6. Be3 Nf6 7. Bc4 O-O 8. Bb3 a5 9. O-O a4 10. Nxa4 Nxe4 11. Nb5 d6 12. Nb6 Ra6 13. Nc4 d5 14.
Nd2 Nd6 15. Nxd6 Qxd6 16. c3 b5 17. Nf3 Rd8 18. Re1 b4 19. Nd4 Nxd4 20. cxd4 e5 21. dxe5 Bxe5 22. Bd4 Bxh2+ 23. Kh1 Bf4 24. Qf3 g5 25. g3 Bd2 26. Re5 g4 27. Qe2 Bh6 28.
Rxd5 Bb7 29. Kg1 Bxd5 30. Bxd5 Qxd5 31. Qxa6 Qxd4 32. Qxh6 Rd6 33. Qg5+ Kf8 34. Rc1 1-0

[Event "*** Titled Tuesday 3|2 Blitz"]
[Site "Chess.com"]
[Date "2015.08.04"]
[Round "7"]
[White "alturas_pacificas"]
[Black "chessking2151"]
[Result "0-1"]
[WhiteElo "2085"]
[BlackElo "2023"]
[TimeControl "180+2"]
[EndTime "13:01:16 PDT"]
[Termination "chessking2151 won by checkmate"]

1. d4 Nf6 2. Bf4 e6 3. e3 c5 4. c3 Nc6 5. Nf3 d5 6. Nbd2 Bd6 7. Bg3 O-O 8. Bd3 Re8 9. Ne5 Qc7 10. f4 Ne7 11.
Qf3 b6 12. Bh4 Ng6 13. Bxf6 gxf6 14. Ng4 Qd8 15. h4 cxd4 16. cxd4 e5 17. fxe5 fxe5 18. Nf6+ Kg7 19. Nxe8+ Qxe8 20. Bxg6 hxg6 21. Qxd5 exd4 22. O-O-O Be6 23. Qxd4+ Kg8 24. Qxd6 Bxa2 25. b3 a5 26. Kb2 a4 27. b4 Be6 28. Ne4 Qb5 29. Qd4 Rc8 30. Nc3 a3+ 31. Ka1 Qc6 32. Rc1 Qxg2 33. Na4 Qa2# 0-1

[Event "*** Titled Tuesday 3|2 Blitz"]
[Site "Chess.com"]
[Date "2015.08.04"]
[Round "7"]
[White "jefferyx"]
[Black "stepanosinovsky"]
[Result "1-0"]
[WhiteElo "2432"]
[BlackElo "2262"]
[TimeControl "180+2"]
[EndTime "13:01:25 PDT"]
[Termination "jefferyx won on time"]

1. b4 e5 2. a3 d5 3. Bb2 Bd6 4. e3 Nf6 5. Nf3 Nbd7 6. d4 Qe7 7. c4 e4 8. Nfd2 c6 9. Nc3 a6 10.
g4 h6 11. h4 Nf8 12. Rg1 Be6 13. g5 hxg5 14. hxg5 N6d7 15. Qb3 f5 16. gxf6 Nxf6 17.
b5 axb5 18. cxb5 Rh2 19. Na4 Ng4 20. O-O-O Nxf2 21. Re1 Nd3+ 22. Bxd3 exd3 23. Nb6 Ra5 24. a4 Bb4 25. Bc3 Bxc3 26. Qxc3 cxb5 27. Rxg7 Qxg7 28. Qxa5 Qc7+ 29. Nbc4 Qxa5 30. Nxa5 bxa4 31. Nxb7 Nd7 32. Rd1 Re2 33. Nf1 Bf5 34. Nd6+ Kd8 35. Nxf5 Rc2+ 36.
Kb1 a3 37. Ka1 Nb6 38. Nd6 1-0

[Event "*** Titled Tuesday 3|2 Blitz"]
[Site "Chess.com"]
[Date "2015.08.04"]
[Round "7"]
[White "Tesla37"]
[Black "LyonBeast"]
[Result "1-0"]
[WhiteElo "2554"]
[BlackElo "2691"]
[TimeControl "180+2"]
[EndTime "13:01:53 PDT"]
[Termination "Tesla37 won by resignation"]

1. e4 c5 2. Nf3 d6 3. d4 cxd4 4.
Nxd4 Nf6 5. Nc3 a6 6. a3 g6 7. Bc4 Bg7 8. Ba2 O-O 9. O-O Nc6 10. Nde2 b5 11. Re1 Bb7 12. Bg5 e6 13. Qd2 Qc7 14.
Rad1 Rad8 15. Qf4 Qe7 16. Qh4 h6 17. Bxh6 Nxe4 18. Qf4 Bxh6 19. Qxh6 Qg5 20. Qxg5 Nxg5 21. h4 Nh7 22. Ne4 d5 23. Nc5 Bc8 24. c3 Nf6 25.
Nd4 Ne7 26. f3 Kg7 27. Kf2 Rh8 28. g3 Nf5 29. Bb1 Nd6 30. b3 Rhe8 31. Re5 Nd7 32.
Ncxe6+ fxe6 33. Nxe6+ Kf6 34. Rexd5 Rxe6 35. Rxd6 Re8 36.
Rxe6+ Rxe6 37. g4 Ne5 38. g5+ Kg7 39. Be4 Nf7 40. Bd5 Rd6 41. Rd4 Bf5 42. Ke3 Rd7 43. c4 Ne5 44. c5 a5 45. Be4 Rf7 46. f4 Bxe4 47. Kxe4 Nc6 48. Rd6 Rc7 49. Kd5 Ne7+ 50. Ke6 Rxc5 51. Rd7 Rc3 52. Rxe7+ Kf8 53. Kf6 Rf3 1-0

[Event "*** Titled Tuesday 3|2 Blitz"]
[Site "Chess.com"]
[Date "2015.08.04"]
[Round "7"]
[White "Haykos"]
[Black "pedromartinez91"]
[Result "1/2-1/2"]
[WhiteElo "2177"]
[BlackElo "2127"]
[TimeControl "180+2"]
[EndTime "13:01:59 PDT"]
[Termination "Game drawn - insufficient material"]

1. e4 c5 2. Nf3 Nc6 3. Bb5 d6 4. O-O Bd7 5. c3 a6 6. Bxc6 Bxc6 7. Re1 Nf6 8. d4 cxd4 9. cxd4 Bxe4 10. Nc3 Bg6 11.
Bg5 e6 12. Qb3 Be7 13. Qxb7 O-O 14. b3 Re8 15. Rac1 Qa5 16. Bd2 Qh5 17. h3 Bd3 18. Ng5 Rab8 19. Qf3 Qg6 20. Nge4 Bxe4 21. Nxe4 Nxe4 22.
Qxe4 Qxe4 23. Rxe4 d5 24. Ree1 Rbc8 25. Be3 Ba3 26.
Rxc8 Rxc8 27. Re2 f5 28. Bf4 Kf7 29. g3 h6 30. h4 Rc3 31. Kf1 Be7 32. Ke1 g5 33.
hxg5 hxg5 34. Bd2 Rd3 35. Be3 Bb4+ 36. Kf1 f4 37. gxf4 gxf4 38. Bxf4 Rxd4 39. Be5 Rd1+ 40. Kg2 a5 41. Rc2 Kg6 42. Bc3 Kf5 43. a3 Bxc3 44.
Rxc3 Ra1 45. a4 Rb1 46. Rc5 Rxb3 47. Rxa5 Ke4 48. Rb5 Ra3 49. a5 d4 50. f3+ Kd3 51.
Kf2 Ra2+ 52. Kg3 Kc4 53. Re5 d3 54. Rxe6 Rxa5 55. Kf2 Kc3 56. Rc6+ Kd2 57. f4 Ra2 58. f5 Kd1+ 59. Kf3 Ke1 60. Rd6 Rf2+ 61. Kg4 d2 62. Kg5 Rg2+ 63. Kh6 Rh2+ 64. Kg7 Ke2 65. f6 Rg2+ 66.
Kh6 Rh2+ 67. Kg6 Rg2+ 68. Kh6 Rg3 69. Rxd2+ Kxd2 70. f7 Rf3 71. Kg7 Rxf7+ 72. Kxf7 1/2-1/2

[Event "*** Titled Tuesday 3|2 Blitz"]
[Site "Chess.com"]
[Date "2015.08.04"]
[Round "7"]
[White "Prolta"]
[Black "fpawn"]
[Result "0-1"]
[WhiteElo "1696"]
[BlackElo "2090"]
[TimeControl "180+2"]
[EndTime "13:02:01 PDT"]
[Termination "fpawn won by resignation"]

1. Nf3 d5 2. d4 c6 3. Bf4 Nd7 4. e3 e6 5. c4 Ngf6 6. Nc3 Bb4 7. Qb3 Qe7 8. a3 Bd6 9. Bxd6 Qxd6 10. c5 Qe7 11. Qc2 e5 12. Be2 O-O 13. O-O e4 14. Nd2 Re8 15. Rae1 Nf8 16. f4 exf3 17. Bxf3 Ng6 18. b4 Qd8 19. Qd3 Be6 20. e4 dxe4 21. Ncxe4 Nxe4 22. Nxe4 Bf5 23. Qc3 Bxe4 24. Rxe4 Rxe4 25.
Bxe4 Qh4 26. Bxg6 hxg6 27. Qf3 Qxd4+ 28. Kh1 Qd7 29. h3 Re8 30. Qb3 Qe6 31. Qf3 a6 32. Kg1 Qe3+ 33. Qxe3 Rxe3 34. Rf3 Rxf3 35. gxf3 g5 36.
Kf2 f6 37. Kg3 Kf7 38. Kg4 Kg6 39. f4 gxf4 40. Kxf4 Kh5 41. Kg3 Kg5 42. a4 Kf5 43. a5 Kg5 44. h4+ Kf5 45. Kf3 g6 46. Kg3 Ke4 47.
Kg4 Kd4 48. Kf4 Kc4 0-1

[Event "*** Titled Tuesday 3|2 Blitz"]
[Site "Chess.com"]
[Date "2015.08.04"]
[Round "7"]
[White "silverback96"]
[Black "KyronGriffith"]
[Result "0-1"]
[WhiteElo "1871"]
[BlackElo "2223"]
[TimeControl "180+2"]
[EndTime "13:02:03 PDT"]
[Termination "KyronGriffith won by checkmate"]

1. d4 Nf6 2. c4 c5 3. g3 cxd4 4.
Qxd4 Nc6 5. Qh4 e6 6. Bg2 Be7 7. Nf3 d5 8. O-O Ne4 9. Qh3 dxc4 10.
Nc3 Nxc3 11. bxc3 Qa5 12. Be3 Qxc3 13. Rac1 Qb4 14. Qg4 Bf6 15. Rxc4 Qa5 16. Nd2 Ne5 17. Ne4 Nxg4 18. Nd6+ Ke7 19. Bc5 Qxc5 20. Rxc5 Kxd6 21. Rc4 Ne5 22. Rd1+ Ke7 23. Rc7+ Kf8 24. f4 Ng4 25. a4 g6 26. Rd3 Kg7 27. h3 Nh6 28. g4 Rd8 29. Rdc3 Bxc3 30. Rxc3 Bd7 31. Rc7 Bxa4 32. Bxb7 Rab8 33. e4 Rd7 34. Rxd7 Bxd7 35. Ba6 Bb5 36. Kf2 Bxa6 37. Kg3 Rb3+ 38. Kh4 f6 39. e5 fxe5 40. fxe5 Be2 41. g5 Nf5# 0-1

[Event "*** Titled Tuesday 3|2 Blitz"]
[Site "Chess.com"]
[Date "2015.08.04"]
[Round "7"]
[White "1stSecond"]
[Black "Storne89"]
[Result "0-1"]
[WhiteElo "2376"]
[BlackElo "2520"]
[TimeControl "180+2"]
[EndTime "13:02:04 PDT"]
[Termination "Storne89 won by resignation"]

1. d4 Nf6 2. c4 c5 3. d5 b5 4. cxb5 a6 5. bxa6 g6 6. Nc3 Bg7 7. e4 O-O 8. Nf3 Qa5 9. Nd2 Bxa6 10.
Bxa6 Qxa6 11. Qe2 e6 12. Nc4 Re8 13. Be3 exd5 14. exd5 Ne4 15. Nxe4 Rxe4 16. Rc1 d6 17. O-O Nd7 18. Qc2 Rae8 19. a4 Nf6 20. Rfd1 Ng4 21. Rd3 Nxe3 22. Rxe3 Rxe3 23. fxe3 Rb8 24. b3 Re8 25. e4 Bd4+ 26. Kh1 h5 27. Rd1 Bg7 28. Qd3 Rd8 29. Qf3 Qb7 30. Rf1 Qe7 31. a5 Bd4 32. Qd3 Rb8 33. Nb6 Be5 34. Qf3 Kg7 35. g3 Rb7 36.
Kg2 Qg5 37. Nc4 Qe7 38. h4 Bd4 39. g4 hxg4 40. Qxg4 Rxb3 41. Qf4 Rc3 42. Nxd6 f6 43. Nb5 Rc2+ 44. Kh1 Be5 45. Qg4 c4 46. h5 Rh2+ 47. Kg1 Qc5+ 0-1

[Event "*** Titled Tuesday 3|2 Blitz"]
[Site "Chess.com"]
[Date "2015.08.04"]
[Round "7"]
[White "talaicito"]
[Black "michaelk123"]
[Result "0-1"]
[WhiteElo "2041"]
[BlackElo "2061"]
[TimeControl "180+2"]
[EndTime "13:02:20 PDT"]
[Termination "michaelk123 won by checkmate"]

1. e4 c5 2. Nf3 e6 3. d4 cxd4 4. Nxd4 Nc6 5. Nc3 Qc7 6. Be2 a6 7. O-O Nf6 8. Bg5 Be7 9. Qd2 h6 10. Be3 b5 11. a3 Bb7 12. f4 Nxd4 13. Qxd4 Rc8 14. e5 Nd5 15. Nxd5 Bxd5 16. f5 Bc5 17. Qxc5 Qxc5 18. Bxc5 Rxc5 19. fxe6 Bxe6 20. Bd3 Rxe5 21.
a4 Ke7 22. axb5 axb5 23. Ra5 Rb8 24. Rfa1 Rb6 25. Kf2 h5 26. R1a3 h4 27. b4 Bf5 28. c4 Bxd3 29. Rxd3 Rf5+ 30. Kg1 bxc4 31. Re3+ Kf6 32. Re4 Rxb4 33. Ra6+ Kg5 34. h3 Rb1+ 35. Kh2 g6 36. Rg4+ Kh6 37. Rxh4+ Kg7 38. Rxc4 Rd1 39. Rc7 Rd2 40. Raa7 Rff2 41. Rxd7 Rxg2+ 42. Kh1 Rh2+ 43. Kg1 Rdg2+ 44. Kf1 Rf2+ 45. Kg1 Rhg2+ 46. Kh1 Rg3 47. h4 Rg4 48. h5 Rf5 49. hxg6 Rh5# 0-1

[Event "*** Titled Tuesday 3|2 Blitz"]
[Site "Chess.com"]
[Date "2015.08.04"]
[Round "7"]
[White "CraiggoryC"]
[Black "WanderingPuppet"]
[Result "0-1"]
[WhiteElo "2006"]
[BlackElo "2178"]
[TimeControl "180+2"]
[EndTime "13:02:26 PDT"]
[Termination "WanderingPuppet won on time"]

1. e4 c5 2. Nf3 d6 3. d4 cxd4 4. Nxd4 Nf6 5. Nc3 a6 6. Be3 e6 7. g4 h6 8. Rg1 b5 9. f3 Bb7 10. h4 g6 11. Qd2 Bg7 12. O-O-O b4 13. Nce2 Qa5 14. Kb1 d5 15. g5 hxg5 16. hxg5 Nfd7 17. Nb3 Qa4 18. Ng3 a5 19. Rh1 Rxh1 20. Nxh1 Qc6 21. Nd4 Qc8 22. Nb5 Bf8 23. Qh2 Na6 24. Qh8 Qc6 25.
exd5 exd5 26. Rxd5 Qxd5 27. Bc4 Qd1+ 28. Bc1 O-O-O 29. Nf2 Qg1 30. Ne4 Bxe4 31. fxe4 Ndc5 32. Qe5 Qd1 33. Bxf7 Kb7 34. Bd5+ Rxd5 35. exd5 Qg4 36. d6 Qd7 37. Qd5+ Qc6 38. Qf7+ Nd7 39. a4 Bxd6 0-1

[Event "*** Titled Tuesday 3|2 Blitz"]
[Site "Chess.com"]
[Date "2015.08.04"]
[Round "7"]
[White "ChadaevNikolay"]
[Black "Konavets"]
[Result "1/2-1/2"]
[WhiteElo "2595"]
[BlackElo "2468"]
[TimeControl "180+2"]
[EndTime "13:02:29 PDT"]
[Termination "Game drawn by repetition"]

1. e4 c5 2. Nf3 e6 3. g3 d5 4.
exd5 exd5 5. d4 Nf6 6. Bg2 Nc6 7. O-O cxd4 8. Nxd4 Be7 9. h3 O-O 10. Be3 Nxd4 11.
Bxd4 Be6 12. Nd2 Rc8 13. c3 Ne8 14. Qb3 Nd6 15. Rfe1 Qa5 16. Qd1 Nf5 17. Nf3 Rfe8 18. a3 Bf8 19. Qd3 h6 20. Rad1 Bd7 21. Ne5 Be6 22.
Nf3 Bd7 23. Rxe8 Rxe8 24. Be5 Be6 25. Nd4 Nxd4 26. Bxd4 Qc7 27. Be3 Rd8 28. Qd4 b6 29. Qd3 Bc5 30. Bd4 Qd7 31. Kh2 Bf5 32. Qd2 Be4 33.
Re1 Re8 34. Bxc5 Bxg2 35. Rxe8+ Qxe8 36. Kxg2 bxc5 37. Qxd5 Qe2 38. b4 c4 39. a4 Qc2 40.
Qxc4 Qxa4 41. Qc8+ Kh7 42. Qf5+ Kg8 43. Qd5 Qa3 44. Qc6 Qb3 45. b5 Kh7 46. c4 f5 47.
c5 Qc4 48. b6 axb6 49. Qxb6 Qe4+ 50. Kh2 Qd4 51. Kg2 Qd5+ 52. Kh2 Qd4 53. Kg1 Qd1+ 54.
Kg2 Qd5+ 55. Kh2 Qd4 1/2-1/2

[Event "*** Titled Tuesday 3|2 Blitz"]
[Site "Chess.com"]
[Date "2015.08.04"]
[Round "7"]
[White "petrpalachev"]
[Black "GregShahade"]
[Result "1-0"]
[WhiteElo "2360"]
[BlackElo "2285"]
[TimeControl "180+2"]
[EndTime "13:02:30 PDT"]
[Termination "petrpalachev won by resignation"]

1. d4 Nf6 2. c4 e6 3. Nc3 Bb4 4. Nf3 O-O 5. e3 c5 6. Bd3 b6 7.
O-O Bb7 8. Na4 cxd4 9. exd4 Re8 10. a3 Bf8 11. h3 d6 12. Re1 Nbd7 13. Bf4 Rc8 14.
Rc1 g6 15. b4 Nb8 16. Nc3 Bg7 17. Nb5 Nh5 18. Bh2 Bxf3 19. Qxf3 e5 20. Nxa7 Rc7 21. Nb5 Rce7 22. dxe5 dxe5 23. Be4 f5 24. Bd5+ Kh8 25.
Rcd1 e4 26. Qb3 Rd7 27. c5 bxc5 28. bxc5 Nf6 29. c6 Rxd5 30. c7 Rxd1 31. Rxd1 Qe7 32. cxb8=Q Rxb8 33. Bxb8 h5 34. Bd6 Qb7 35. Be5 e3 36. Bxf6 Bxf6 37. fxe3 Bg5 38. a4 Qb8 39. Qc3+ Kh7 40. Rd7+ 1-0

[Event "*** Titled Tuesday 3|2 Blitz"]
[Site "Chess.com"]
[Date "2015.08.04"]
[Round "7"]
[White "proxy6"]
[Black "Hafez_Bakr"]
[Result "1-0"]
[WhiteElo "1914"]
[BlackElo "1772"]
[TimeControl "180+2"]
[EndTime "13:02:37 PDT"]
[Termination "proxy6 won on time"]

1. e4 c5 2. Nf3 d6 3. d4 cxd4 4. Nxd4 Nf6 5. Nc3 a6 6. Be3 e5 7. Nb3 Be7 8. h3 Be6 9. g4 h6 10. Qf3 O-O 11. O-O-O Nbd7 12. Qg2 b5 13. f4 exf4 14.
Bxf4 Qc7 15. Nd5 Bxd5 16. exd5 Ne5 17. Bd3 Rfc8 18. Bf5 Rcb8 19. Nd4 a5 20. Bxe5 dxe5 21. Nc6 Rd8 22. Nxd8 Bxd8 23. d6 Qb8 24. Qc6 a4 25.
Kb1 b4 26. d7 b3 27. cxb3 axb3 28. a3 Be7 29. Be4 Nxe4 30. Qxe4 Ra7 31. Qc6 Rc7 32. Qa6 Bd8 33. Qd6 Qb7 34. Qxe5 Qb8 35. Qe8+ Kh7 36. Rhe1 Rc2 37. Qe4+ g6 38. Qf3 Kg7 39. Rf1 f5 40. Rf2 Be7 41. Rxc2 Qc7 42. Rxc7 1-0

[Event "*** Titled Tuesday 3|2 Blitz"]
[Site "Chess.com"]
[Date "2015.08.04"]
[Round "7"]
[White "fancyknightmaneuvers"]
[Black "MFBerna"]
[Result "0-1"]
[WhiteElo "2169"]
[BlackElo "2088"]
[TimeControl "180+2"]
[EndTime "13:02:48 PDT"]
[Termination "MFBerna won by resignation"]

1. e4 e6 2. d4 d5 3. Nd2 Nf6 4. e5 Nfd7 5. f4 c5 6. c3 Nc6 7.
Ndf3 f6 8. g3 cxd4 9. cxd4 Bb4+ 10.
Kf2 O-O 11. Kg2 fxe5 12. fxe5 Qb6 13. Bd3 Be7 14. h4 Kh8 15. Ne2 Rxf3 16. Kxf3 Nxd4+ 17. Kg2 Nxe5 18. Bxh7 Nxe2 19. Qxe2 Kxh7 20. Qxe5 Bd7 21.
Qh5+ Kg8 22. Rf1 Rf8 23. Rxf8+ Bxf8 24. Qe5 Bd6 25. Qe3 d4 26. Qf2 Bc6+ 27. Kh2 Qc5 28.
Bg5 e5 29. Rf1 Qd5 30. Rd1 Bc5 31. b4 Bb6 32. Kh3 e4 33. Rf1 e3 34. Qf8+ Kh7 35. Rf7 Qg2+ 36. Kg4 Qe2+ 37. Kf4 Bc7+ 38. Kf5 Qf3+ 39.
Bf4 Qe4+ 40. Kg4 Qf3+ 41. Kg5 Bxf4+ 42. Rxf4 Qxg3+ 43. Rg4 Qe5+ 44. Qf5+ Qxf5+ 45. Kxf5 Bd7+ 0-1